 Dungeon Crawl Stone Soup version 0.30.1-4-g462c640d31 (webtiles) character file.

Game seed: 5607808260989527297

25153 Gorgoleon the Brawler (level 12, -17/126 HPs)
             Began as a Troll Gladiator on Aug 14, 2023.
             Was a Priest of Okawaru.
             Demolished by a boulder beetle (22 damage)
             ... on level 9 of the Dungeon.
             The game lasted 00:29:40 (6875 turns).

Gorgoleon the Brawler (Troll Gladiator)             Turns: 6875, Time: 00:29:40

Health: -17/126    AC:  7    Str: 27    XL:     12   Next: 87%
Magic:  12/12      EV: 11    Int:  6    God:    Okawaru [***...]
Gold:   755        SH:  0    Dex: 11    Spells: 11/11 levels left

rFire   . .          .
                       - Unarmed
rCold   . . .        (no shield)
rNeg    . . .        r - +3 robe of Clouds {*Thunder rCloud rElec}
rPois   .            b - +0 hat
rElec   +            (no cloak)
rCorr   .            (gloves unavailable)
SInv    .            (boots unavailable)
Will    .....        (no amulet)
Stlth   +            (no ring)
HPRegen 1.21/turn    (no ring)
MPRegen 0.13/turn

%: no passive effects
@: about to teleport, studying Fighting
A: large, unfitting armour, claws 3, regeneration 1, shaggy fur 1, tough skin 1
a: Renounce Religion, Heroism


You were on level 9 of the Dungeon.
You worshipped Okawaru.
Okawaru was most pleased with you.
You visited 2 branches of the dungeon, and saw 10 of its levels.
You also visited: Ossuary.

You collected 860 gold pieces.
You spent 105 gold pieces at shops.

Inventory:

Missiles
 c - 3 throwing nets
 d - 4 large rocks
 e - 82 stones (quivered)
 h - 52 poisoned darts
 y - a curare-tipped dart
 z - 2 atropa-tipped darts
 D - 5 boomerangs
 F - a boomerang of dispersal
Armour
 b - a +0 hat (worn)
 r - the +3 robe of Clouds (worn) {*Thunder rCloud rElec}
   (You acquired it on level 5 of the Dungeon)

   *Thunder:  It occasionally creates storm clouds above nearby enemies.
   rCloud:    It grants its wearer immunity to clouds.
   rElec:     It insulates you from electricity.
Jewellery
 j - a ring of resist corrosion
 k - an amulet of faith
 u - a ring of magical power
 E - a ring of magical power
Wands
 a - a wand of flame (40)
 v - a wand of digging (3)
 C - a wand of roots (6)
Scrolls
 m - a scroll of vulnerability
 p - a scroll of enchant armour
 q - 2 scrolls of blinking
 s - a scroll of fear
 w - a scroll of amnesia
 A - a scroll of fog
Potions
 f - 2 potions of attraction
 g - 7 potions of brilliance {unknown}
 i - 5 potions of flight
 l - 3 potions of berserk rage
 n - 2 potions of haste
 o - a potion of mutation
 t - 3 potions of heal wounds
 x - 4 potions of curing
 B - a potion of resistance
Miscellaneous
 H - a lightning rod (4/4)


   Skills:
 * Level 9.9 Fighting
 * Level 7.3 Throwing
 - Level 5.2 Dodging
 + Level 15.2 Unarmed Combat
 - Level 2.0 Invocations
 - Level 5.0 Evocations


You had 11 spell levels left.
You didn't know any spells.
Your spell library contained the following spells:

 Spells                   Type           Power      Damage    Failure   Level
 Freeze                   Ice            0%         1d3       45%         1
 Frozen Ramparts          Ice            0%         1d1       83%         3
 Hailstorm                Conj/Ice       0%         3d3       83%         3
 Passage of Golubria      Tloc           0%         N/A       99%         4
 Yara's Violent Unravell  Hex/Tmut       0%         3d3       100%        5
 Tukima's Dance           Hex            Unusable   N/A       N/A         3

Dungeon Overview and Level Annotations

Branches:
Dungeon (9/15)             Temple (1/1) D:7            Lair (0/5) D:8
Ossuary (visited)
    Orc: D:9-12

Altars:
Ashenzari
Cheibriados
Dithmenos
Elyvilon
Fedhas
Gozag
Hepliaklqana
Kikubaaqudgha
Makhleb
Nemelex Xobeh
Okawaru
Qazlal
Ru
Trog
Uskayaw
Vehumet
Wu Jian
Xom
Yredelemnul
Zin
The Shining One

Shops:
D:1 !   D:2 [   D:6 !*:


Innate Abilities, Weirdness & Mutations

You are too large for most types of armour.
You have claws for hands.
Your natural rate of healing is unusually fast.
You are covered in fur. (AC +1)
You have tough skin. (AC +1)


Message History

Things that are here:
a +0 club; a +3 scale mail; an orc corpse You see here a +0 dagger.
You now have 755 gold pieces (gained 13).
A boulder beetle comes into view.
Throw: 83 stones
Press: ? - help, Q - select action, (/) - cycle Shift-Dir - straight line, f - boulder beetle
Aim: a boulder beetle (asleep, 98% to hit)
You throw a stone.
The stone hits the boulder beetle but does no damage.
A boulder beetle comes into view.
The boulder beetle curls into a ball and begins rolling!
The boulder beetle waves its antennae.
The boulder beetle attacks as you move away!
The boulder beetle hits you!!!
The boulder beetle stops rolling and uncurls.
The boulder beetle curls into a ball and begins rolling!
Storm clouds gather above the boulder beetle.
The boulder beetle is engulfed in a thunderstorm.
The boulder beetle barely misses you.
The boulder beetle stops rolling and uncurls.
The boulder beetle attacks as you move away!
The boulder beetle bites you!
The boulder beetle curls into a ball and begins rolling! x2
As you read the scroll of teleportation, it crumbles to dust.
You feel strangely unstable. The boulder beetle hits you!!!
The boulder beetle stops rolling and uncurls.
The boulder beetle barely misses you.
The boulder beetle stops rolling and uncurls.
You scratch the boulder beetle.
The boulder beetle is moderately wounded.
The boulder beetle bites you but does no damage.
The boulder beetle bites you!!
* * * LOW HITPOINT WARNING * * *
The boulder beetle attacks as you move away!
The boulder beetle bites you!!
* * * LOW HITPOINT WARNING * * *
The boulder beetle attacks as you move away!
The boulder beetle bites you!!
You die...

........##.......#########..#
........................##..#
..######....######....#.##..# .
#|........#...........##..#
..#.........#......##...##..#####
..#.........#......##...##.......
..#.........#...................)
#.#.........#....#....#○......).)
#...............@B°...#B......###
..............##.B....#°......#
#.............##......#°......#
#....................[#.......# #
.)######....#....######..........
..# ............. ○.B(........
#.# .....##....... ...).###......
#†#...... .........$...# #......
#.#...... ...B...# ......


You could see 2 boulder beetles.

Vanquished Creatures
  Gastronok (D:8)
  A centaur warrior (D:9)
  A two-headed ogre (D:9)
  An ugly thing (D:9)
  A cyclops (D:9)
  A troll (D:9)
  Grinder (D:3)
  Sigmund (D:5)
  7 yaks
  A shadow (D:9)
  A wyvern (D:7)
  Eustachio (D:5)
  A vampire mosquito (D:9)
  2 wargs (D:8)
  4 water moccasins
  2 sky beasts
  3 ice beasts (D:7)
  2 orc warriors
  2 centaurs
  3 ogres
  4 kobold brigands
  3 bullfrogs
  5 scorpions
  7 wights
  A howler monkey (D:6)
  3 centaur zombies (Ossuary)
  2 human zombies (Ossuary)
  4 hounds
  2 jellies
  3 orc priests
  2 iguanas
  2 sleepcaps (D:4)
  Terence (D:2)
  17 orc wizards
  A hound zombie (D:2)
  2 mummies (Ossuary)
  4 gnolls
  10 adders
  2 shadow imps
  4 white imps
  2 adder zombies (Ossuary)
  2 worms (D:3)
  A dart slug (D:5)
  32 orcs
  4 ball pythons
  5 bats
  A bat skeleton (D:2)
  5 endoplasms
  5 giant cockroaches
  10 goblins
  8 hobgoblins
  6 jackals
  4 quokkas
  2 ball python skeletons (D:2)
  A ball python zombie (D:2)
  3 frilled lizards
  A goblin zombie (Ossuary)
  8 hobgoblin zombies (Ossuary)
  A jackal zombie (Ossuary)
  19 kobolds
  9 kobold zombies (Ossuary)
  10 orc zombies (Ossuary)
  8 rats
  A rat zombie (Ossuary)
264 creatures vanquished.

Notes
Turn   | Place    | Note
-------+----------+-------------------------------------------
     0 | D:1      | Gorgoleon the Troll Gladiator began the quest for the Orb.
     0 | D:1      | Reached XP level 1. HP: 19/19 MP: 0/0
   197 | D:1      | Found Eduaplao's Distillery.
   246 | D:1      | Reached XP level 2. HP: 27/27 MP: 1/1
   575 | D:2      | Found Kusuph's Armour Shop.
   634 | D:2      | Noticed Terence
   645 | D:2      | Killed Terence
   646 | D:2      | Reached XP level 3. HP: 20/35 MP: 2/2
   683 | D:2      | Reached skill level 4 in Unarmed Combat
   801 | D:2      | Reached XP level 4. HP: 42/42 MP: 3/3
  1841 | D:3      | Reached skill level 5 in Unarmed Combat
  1845 | D:3      | Found an opulent altar of Gozag.
  2182 | D:3      | Found a glowing silver altar of Zin.
  2367 | D:4      | Reached XP level 5. HP: 49/49 MP: 4/4
  2436 | D:4      | Noticed Grinder
  2441 | D:3      | Paralysed by Grinder for 3 turns
  2453 | D:3      | Killed Grinder
  2454 | D:3      | Reached skill level 6 in Unarmed Combat
  2454 | D:3      | Reached XP level 6. HP: 33/57 MP: 5/5
  2480 | D:3      | Reached skill level 7 in Unarmed Combat
  2617 | D:4      | Reached XP level 7. HP: 63/65 MP: 6/6
  2851 | D:4      | Reached skill level 8 in Unarmed Combat
  2899 | D:4      | Found a shimmering altar of Xom.
  3109 | D:5      | Entered Level 5 of the Dungeon
  3127 | D:5      | Noticed Eustachio
  3147 | D:5      | Killed Eustachio
  3225 | D:5      | Identified 3 scrolls of acquirement
  3225 | D:5      | Acquired the +3 robe of Clouds {*Thunder rCloud rElec}
  3225 | D:5      | Found the +3 robe of Clouds {*Thunder rCloud rElec}
  3272 | D:5      | Acquired a manual of Fighting
  3275 | D:5      | Acquired 345 gold pieces
  3292 | D:5      | Noticed Sigmund
  3297 | D:5      | Reached XP level 8. HP: 70/75 MP: 7/7
  3326 | D:5      | Killed Sigmund
  3327 | D:5      | Reached skill level 9 in Unarmed Combat
  3664 | D:5      | Found a hide-covered altar of Uskayaw.
  3684 | D:6      | Found Pymonk's Distillery.
  3715 | D:6      | Found Iczipiurgh's General Store.
  3724 | D:6      | Bought a potion of heal wounds for 75 gold pieces
  3724 | D:6      | Bought a scroll of identify for 30 gold pieces
  3765 | D:6      | Reached skill level 10 in Unarmed Combat
  3805 | D:6      | Found a basalt altar of Yredelemnul.
  3838 | D:6      | Found Emora's Book Boutique.
  4000 | D:6      | Found a shadowy altar of Dithmenos.
  4009 | D:6      | Reached XP level 9. HP: 87/87 MP: 8/8
  4258 | D:6      | Reached skill level 5 in Fighting
  4399 | D:7      | Reached skill level 11 in Unarmed Combat
  4597 | D:7      | Reached skill level 12 in Unarmed Combat
  4771 | D:7      | Found an ancient bone altar of Kikubaaqudgha.
  4879 | D:7      | Found a white marble altar of Elyvilon.
  5013 | D:7      | Reached skill level 13 in Unarmed Combat
  5090 | D:7      | Found a staircase to the Ecumenical Temple.
  5095 | Temple   | Entered the Ecumenical Temple
  5144 | Temple   | Became a worshipper of Warmaster Okawaru
  5400 | D:8      | Noticed Gastronok
  5429 | D:8      | Killed Gastronok
  5429 | D:8      | Reached * piety under Okawaru
  5430 | D:8      | Reached skill level 1 in Invocations
  5430 | D:8      | Reached XP level 10. HP: 75/96 MP: 8/10
  5506 | D:8      | Found a broken altar of Ashenzari.
  5720 | D:8      | Found a staircase to the Lair.
  5739 | D:8      | Reached ** piety under Okawaru
  5835 | D:8      | Reached skill level 1 in Evocations
  5949 | D:8      | Found a sand-covered staircase.
  5954 | Ossuary  | Entered an ossuary
  6470 | D:9      | Reached skill level 5 in Throwing
  6470 | D:9      | Reached skill level 5 in Dodging
  6470 | D:9      | Reached skill level 14 in Unarmed Combat
  6470 | D:9      | Reached XP level 11. HP: 111/111 MP: 11/11
  6471 | D:9      | Reached XP level 12. HP: 124/124 MP: 12/12
  6565 | D:9      | Found an ornate altar of the Wu Jian Council.
  6603 | D:9      | Noticed a centaur warrior
  6615 | D:9      | Killed a centaur warrior
  6622 | D:9      | Noticed a boulder beetle
  6682 | D:9      | Noticed a two-headed ogre
  6694 | D:9      | Killed a two-headed ogre
  6694 | D:9      | Reached *** piety under Okawaru
  6695 | D:9      | Reached skill level 5 in Evocations
  6710 | D:9      | Reached skill level 15 in Unarmed Combat
  6714 | D:9      | Received a gift from Okawaru
  6858 | D:9      | Noticed a boulder beetle
  6860 | D:9      | Noticed a boulder beetle
  6875 | D:9      | HP: 5/126 [boulder beetle (18)]
  6875 | D:9      | Demolished by a boulder beetle

Illustrated notes

Levels and vault maps discovered:
D:1:      onia_arrival_handbag, layout_rooms, serial_shops, shop, st_stairs_5
D:2:      layout_basic, serial_undead, serial_undead_c, serial_undead_f,
          serial_undead_a, serial_undead_f, serial_shops, shop_fountains,
          uniq_terence
D:3:      cheibrodos_helix_gallery, layout_basic,
          pdpol_temple_overflow_zin_treasury_gozag_greed
D:4:      layout_cave_pools, overflow_temple_1_default, uniq_grinder
D:5:      layout_rooms, mainiacjoe_overflow_surrounded_room, uniq_eustachio,
          uniq_sigmund
D:6:      layout_loops_cross, mainiacjoe_overflow_brackets,
          mainiacjoe_overflow_24_doors, serial_shops, shop, shop, shop
D:7:      layout_basic, lemuel_doored_altar, mainiacjoe_overflow_tiny_flanked,
          minmay_temple_entry_nine_rooms, minmay_diced_spiral
D:8:      layout_basic, evilmike_ruin_ashenzari, erik_lair_orcish_takeover,
          lightli_ossuary_entry_decrepit_ruins, uniq_gastronok
D:9:      minmay_cut_squares, layout_long_grid, nzn_wu_jian_contemplation
Temple:   nicolae_temple_bog_church

Skill      XL: |  1  2  3  4  5  6  7  8  9 10 11 12 |
---------------+-------------------------------------+-----
Throwing       | 2 3 5 7 |  7.3
Dodging        | 3 5 |  5.2
Fighting       | 2 3 4 5 7 9 |  9.9
Unarmed Combat | 4 5 6 7 8 10 13 14 15 | 15.2
Invocations    | 1 2 |  2.0
Evocations     | 3 4 5 |  5.0

Action                     |  1- 3 |  4- 6 |  7- 9 | 10-12 || total
---------------------------+-------+-------+-------+-------++-------
  Melee: Unarmed           |    69 |   142 |   229 |   165 ||   605
         Punch             |     1 |     6 |     5 |    11 ||    23
  Throw: Stone             |       |     1 |    15 |    10 ||    26
         Dart              |       |       |     6 |       ||     6
    Use: Scroll            |       |     9 |    11 |     3 ||    23
         Potion            |       |     2 |       |     2 ||     4
 Armour: Robe              |    32 |    46 |    75 |    32 ||   185
  Dodge: Dodged            |    27 |    87 |    84 |    61 ||   259
